| TOP OF THE 1ST |
|
Florida State University Seminoles batting - Pitching for University of Alabama Crimson Tide : LHP Jordan Pena
|
|
Pitching: LHP Jordan Pena
|
|
|
Batting: RHB Larry Berge
|
0-0: Called Strike 0-1: SINGLE (Groundball, 4D, EV 111.2 MPH)
|
|
Batting: RHB Ed Vilches
|
0-0: Ball 1-0: Called Strike Larry Berge is caught stealing 2nd base 2-4 1-1: Ground out 6-3 (Groundball, 6, EV 80.6 MPH)
|
|
Batting: RHB Butch Huskey
|
0-0: SINGLE (Groundball, 56, EV 86.9 MPH) (infield hit)
|
|
Batting: LHB Ethan Ware
|
0-0: Ball 1-0: Called Strike 1-1: DOUBLE (Flyball, 78D, EV 111.2 MPH) Butch Huskey to third
|
|
Batting: RHB Tony Valdez
|
0-0: Ground out 1-3 (Groundball, 13S, EV 73.8 MPH)
|
| Top of the 1st over - 0 runs, 3 hits, 0 errors, 2 left on base; Florida State University 0 - University of Alabama 0 |
| BOTTOM OF THE 1ST |
|
University of Alabama Crimson Tide batting - Pitching for Florida State University Seminoles : RHP Greg Wilkinson
|
|
Pitching: RHP Greg Wilkinson
|
|
|
Batting: RHB Tony Vasquez
|
0-0: Foul Ball, location: 2F 0-1: Ball 1-1: Ground out 6-3 (Groundball, 6, EV 81.9 MPH)
|
|
Batting: RHB Juan Araiza
|
0-0: Ball 1-0: Swinging Strike 1-1: Called Strike 1-2: Foul Ball, location: 2F 1-2: Strikes out swinging, 2-3 out at first.
|
|
Batting: RHB Hughie Withers
|
0-0: Foul Ball, location: 2F 0-1: Ball 1-1: Swinging Strike 1-2: Strikes out looking
|
| Bottom of the 1st over - 0 runs, 0 hits, 0 errors, 0 left on base; Florida State University 0 - University of Alabama 0 |
| TOP OF THE 2ND |
|
Florida State University Seminoles batting - Pitching for University of Alabama Crimson Tide : LHP Jordan Pena
|
|
Batting: RHB Aaron Sartini
|
0-0: Ball 1-0: Called Strike 1-1: Ball 2-1: Ground out U3 (Groundball, 3L, EV 91.9 MPH)
|
|
Batting: RHB Washichi Goto
|
0-0: Ball 1-0: Ball 2-0: SINGLE (Groundball, 34, EV 97.5 MPH)
|
|
Batting: RHB Ruben Moreno
|
0-0: Called Strike Washichi Goto is caught stealing 2nd base 2-4 0-1: Foul Ball, location: 2F 0-2: Ball 1-2: Strikes out swinging
|
| Top of the 2nd over - 0 runs, 1 hit, 0 errors, 0 left on base; Florida State University 0 - University of Alabama 0 |
| BOTTOM OF THE 2ND |
|
University of Alabama Crimson Tide batting - Pitching for Florida State University Seminoles : RHP Greg Wilkinson
|
|
Batting: LHB Danny Schultz
|
0-0: Called Strike 0-1: Ball 1-1: Fly out, F8 (Flyball, 8LD, EV 86.2 MPH)
|
|
Batting: RHB Matt Williams
|
0-0: Called Strike 0-1: Ball 1-1: Ball 2-1: Foul Ball, location: 2F 2-2: Fly out, F8 (Flyball, 8LM, EV 81.2 MPH)
|
|
Batting: RHB Larry Brown
|
0-0: Ball 1-0: SINGLE (Groundball, P, EV 81.2 MPH) (infield hit)
|
|
Batting: RHB Gustavo Delgado
|
0-0: Ball 1-0: Called Strike 1-1: Ball 2-1: Swinging Strike 2-2: Foul Ball, location: 2F 2-2: Strikes out swinging
|
| Bottom of the 2nd over - 0 runs, 1 hit, 0 errors, 1 left on base; Florida State University 0 - University of Alabama 0 |
| TOP OF THE 3RD |
|
Florida State University Seminoles batting - Pitching for University of Alabama Crimson Tide : LHP Jordan Pena
|
|
Batting: RHB Terry Cisneros
|
0-0: Ball 1-0: Ball 2-0: Fly out, F7 (Flyball, 7D, EV 101.9 MPH)
|
|
Pitching: RHP Justin Hillard
|
|
|
Batting: RHB Larry Berge
|
0-0: Called Strike 0-1: Called Strike 0-2: Strikes out swinging
|
|
Batting: RHB Ed Vilches
|
0-0: Fly out, F8 (Flyball, 89D, EV 105.0 MPH)
|
| Top of the 3rd over - 0 runs, 0 hits, 0 errors, 0 left on base; Florida State University 0 - University of Alabama 0 |
| BOTTOM OF THE 3RD |
|
University of Alabama Crimson Tide batting - Pitching for Florida State University Seminoles : RHP Greg Wilkinson
|
|
Batting: LHB Brian Van
|
0-0: Ball 1-0: Ground out 5-3 (Groundball, 5, EV 90.0 MPH)
|
|
Batting: RHB B.J. Clark
|
0-0: Ball 1-0: Swinging Strike 1-1: Ball 2-1: Foul Ball, location: 2F 2-2: Ball 3-2: Strikes out swinging
|
|
Batting: RHB Tony Vasquez
|
0-0: Ground out 6-3 (Groundball, 6, EV 101.2 MPH)
|
| Bottom of the 3rd over - 0 runs, 0 hits, 0 errors, 0 left on base; Florida State University 0 - University of Alabama 0 |
| TOP OF THE 4TH |
|
Florida State University Seminoles batting - Pitching for University of Alabama Crimson Tide : RHP Justin Hillard
|
|
Batting: RHB Butch Huskey
|
0-0: Called Strike 0-1: Fly out, F9 (Line Drive, 89M, EV 85.6 MPH)
|
|
Batting: LHB Ethan Ware
|
0-0: Swinging Strike 0-1: Foul Ball, location: 2F 0-2: Ball 1-2: Ball 2-2: Strikes out looking
|
|
Batting: RHB Tony Valdez
|
0-0: Called Strike 0-1: Ball 1-1: Swinging Strike 1-2: Strikes out swinging
|
| Top of the 4th over - 0 runs, 0 hits, 0 errors, 0 left on base; Florida State University 0 - University of Alabama 0 |
| BOTTOM OF THE 4TH |
|
University of Alabama Crimson Tide batting - Pitching for Florida State University Seminoles : RHP Greg Wilkinson
|
|
Batting: RHB Juan Araiza
|
0-0: Called Strike 0-1: Ball 1-1: Fly out, F9 (Flyball, 9, EV 90.6 MPH)
|
|
Batting: RHB Hughie Withers
|
0-0: Called Strike 0-1: Ground out 5-3 (Groundball, 56, EV 83.1 MPH)
|
|
Batting: LHB Danny Schultz
|
0-0: Swinging Strike 0-1: Ball 1-1: Ball 2-1: Ball 3-1: Called Strike 3-2: Strikes out swinging
|
| Bottom of the 4th over - 0 runs, 0 hits, 0 errors, 0 left on base; Florida State University 0 - University of Alabama 0 |
| TOP OF THE 5TH |
|
Florida State University Seminoles batting - Pitching for University of Alabama Crimson Tide : RHP Justin Hillard
|
|
Batting: RHB Aaron Sartini
|
0-0: Ball 1-0: Called Strike 1-1: Ball 2-1: Foul Ball, location: 2F 2-2: Foul Ball, location: 2F 2-2: Ball 3-2: Foul Ball, location: 2F 3-2: SINGLE (Groundball, 34S, EV 95.6 MPH)
|
|
Batting: RHB Washichi Goto
|
0-0: Called Strike 0-1: Called Strike 0-2: Ball 1-2: Ball 2-2: Strikes out looking
|
|
Batting: RHB Ruben Moreno
|
0-0: Foul Ball, location: 2F 0-1: Called Strike 0-2: Strikes out swinging
|
|
Batting: RHB Terry Cisneros
|
0-0: Called Strike 0-1: Ball 1-1: Called Strike 1-2: Ball Wild Pitch! Aaron Sartini to second 2-2: Foul Ball, location: 2F 2-2: Ball 3-2: Foul Ball, location: 2F 3-2: Base on Balls
|
|
Batting: RHB Larry Berge
|
0-0: Ball 1-0: SINGLE (Groundball, 56D, EV 104.4 MPH) Aaron Sartini to third Terry Cisneros to second Runner from 3rd tries for Home, SAFE, throw by LF to home
|
|
Batting: RHB Ed Vilches
|
0-0: Ball 1-0: Ball 2-0: Called Strike 2-1: SINGLE (Groundball, 34, EV 100.6 MPH) Terry Cisneros to third Larry Berge to second Runner from 3rd tries for Home, throw by RF and OUT! 9-2
|
| Top of the 5th over - 1 run, 3 hits, 0 errors, 2 left on base; Florida State University 1 - University of Alabama 0 |
| BOTTOM OF THE 5TH |
|
University of Alabama Crimson Tide batting - Pitching for Florida State University Seminoles : RHP Greg Wilkinson
|
|
Batting: RHB Matt Williams
|
0-0: Ground out 6-3 (Groundball, 6, EV 80.6 MPH)
|
|
Batting: RHB Larry Brown
|
0-0: Ball 1-0: Called Strike 1-1: Foul Ball, location: 2F 1-2: Ball 2-2: Strikes out swinging
|
|
Batting: RHB Gustavo Delgado
|
0-0: Called Strike 0-1: Foul Ball, location: 2F 0-2: Strikes out swinging
|
| Bottom of the 5th over - 0 runs, 0 hits, 0 errors, 0 left on base; Florida State University 1 - University of Alabama 0 |
| TOP OF THE 6TH |
|
Florida State University Seminoles batting - Pitching for University of Alabama Crimson Tide : RHP Justin Hillard
|
|
Batting: RHB Butch Huskey
|
0-0: Called Strike 0-1: Ball 1-1: Ball 2-1: SINGLE (Groundball, 4MD, EV 95.0 MPH)
|
|
Batting: LHB Ethan Ware
|
0-0: Ball 1-0: Ball 2-0: Ball 3-0: Called Strike 3-1: Swinging Strike 3-2: Base on Balls Butch Huskey to second
|
|
Pitching: RHP Dave Bellah
|
|
|
Batting: RHB Tony Valdez
|
0-0: Called Strike 0-1: Ball 1-1: Ball 2-1: TRIPLE (Flyball, 8RXD, EV 86.2 MPH) Butch Huskey scores Ethan Ware scores
|
|
Batting: RHB Aaron Sartini
|
0-0: Ball 1-0: Foul Ball, location: 2F 1-1: Ball 2-1: Called Strike 2-2: Ball 3-2: Foul Ball, location: 2F 3-2: Strikes out swinging
|
|
Batting: RHB Washichi Goto
|
0-0: Fly out, F7 (Line Drive, 7S, EV 108.1 MPH)
|
|
Batting: RHB Ruben Moreno
|
0-0: Ball 1-0: Swinging Strike 1-1: Foul Ball, location: 2F 1-2: Ball 2-2: Foul Ball, location: 2F 2-2: Foul Ball, location: 2F 2-2: Ball 3-2: Strikes out swinging
|
| Top of the 6th over - 2 runs, 2 hits, 0 errors, 1 left on base; Florida State University 3 - University of Alabama 0 |
| BOTTOM OF THE 6TH |
|
University of Alabama Crimson Tide batting - Pitching for Florida State University Seminoles : RHP Greg Wilkinson
|
|
Batting: LHB Brian Van
|
0-0: Called Strike 0-1: Swinging Strike 0-2: Foul Ball, location: 2F 0-2: Ball 1-2: Strikes out swinging passed ball, reaches first!
|
|
Batting: RHB B.J. Clark
|
Pickoff Throw to First - Out! 1-3 0-0: Swinging Strike 0-1: Swinging Strike 0-2: Ball 1-2: Foul Ball, location: 2F 1-2: Ball 2-2: Ball 3-2: Strikes out swinging
|
|
Batting: RHB Tony Vasquez
|
0-0: Foul Ball, location: 2F 0-1: Ball 1-1: Foul Ball, location: 2F 1-2: Ball 2-2: Ground out 5-3 (Groundball, 56S, EV 81.9 MPH)
|
| Bottom of the 6th over - 0 runs, 0 hits, 0 errors, 0 left on base; Florida State University 3 - University of Alabama 0 |
| TOP OF THE 7TH |
|
Florida State University Seminoles batting - Pitching for University of Alabama Crimson Tide : RHP Dave Bellah
|
|
Batting: RHB Terry Cisneros
|
0-0: Ball 1-0: Ground out 6-3 (Groundball, 6, EV 105.0 MPH)
|
|
Batting: RHB Larry Berge
|
0-0: Ball 1-0: Ball 2-0: Called Strike 2-1: Called Strike 2-2: Ball 3-2: Base on Balls
|
|
Pinch Hitting: LHB Matt Stewart
|
0-0: Ball 1-0: Called Strike Larry Berge is caught stealing 2nd base 2-6 1-1: Swinging Strike 1-2: Ball 2-2: Foul Ball, location: 2F 2-2: Strikes out swinging
|
| Top of the 7th over - 0 runs, 0 hits, 0 errors, 0 left on base; Florida State University 3 - University of Alabama 0 |
| BOTTOM OF THE 7TH |
|
University of Alabama Crimson Tide batting - Pitching for Florida State University Seminoles : RHP Greg Wilkinson
|
|
Now at 2B: Larry Berge
|
|
|
Now at SS: Jon Odle
|
|
|
Batting: RHB Juan Araiza
|
0-0: Foul Ball, location: 2F 0-1: Ball 1-1: Fly out, F8 (Flyball, 8RD, EV 93.1 MPH)
|
|
Pitching: RHP Gordie DiMario
|
|
|
Batting: RHB Hughie Withers
|
0-0: Ball 1-0: Ball 2-0: Ball 3-0: Called Strike 3-1: Fly out, F4 (Popup, 4, EV 57.5 MPH)
|
|
Batting: LHB Danny Schultz
|
0-0: Called Strike 0-1: Called Strike 0-2: Ball 1-2: Ball 2-2: Ground out 5-3 (Groundball, 56S, EV 95.0 MPH)
|
| Bottom of the 7th over - 0 runs, 0 hits, 0 errors, 0 left on base; Florida State University 3 - University of Alabama 0 |
| TOP OF THE 8TH |
|
Florida State University Seminoles batting - Pitching for University of Alabama Crimson Tide : RHP Dave Bellah
|
|
Pitching: RHP Devon Williams
|
|
|
Batting: RHB Butch Huskey
|
0-0: Ball 1-0: Ball 2-0: Fly out, F7 (Flyball, 7, EV 86.9 MPH)
|
|
Batting: LHB Ethan Ware
|
0-0: Swinging Strike 0-1: Ground out U3 (Groundball, 34S, EV 85.0 MPH)
|
|
Batting: RHB Tony Valdez
|
0-0: Fly out, F7 (Flyball, 78D, EV 90.6 MPH)
|
| Top of the 8th over - 0 runs, 0 hits, 0 errors, 0 left on base; Florida State University 3 - University of Alabama 0 |
| BOTTOM OF THE 8TH |
|
University of Alabama Crimson Tide batting - Pitching for Florida State University Seminoles : RHP Gordie DiMario
|
|
Pinch Hitting: LHB Matt Barkley
|
0-0: Ball 1-0: Ground out 5-3 (Groundball, 56, EV 83.8 MPH)
|
|
Batting: RHB Larry Brown
|
0-0: Called Strike 0-1: Foul Ball, location: 2F 0-2: Ball 1-2: Foul Ball, location: 2F 1-2: Ball 2-2: Ground out 4-3 (Groundball, 4, EV 101.9 MPH)
|
|
Pinch Hitting: LHB Platon Protopsaltis
|
0-0: Ball 1-0: Ball 2-0: Ball 3-0: Base on Balls
|
|
Batting: LHB Brian Van
|
0-0: Swinging Strike 0-1: Ball 1-1: Foul Ball, location: 2F 1-2: Strikes out swinging
|
| Bottom of the 8th over - 0 runs, 0 hits, 0 errors, 1 left on base; Florida State University 3 - University of Alabama 0 |
| TOP OF THE 9TH |
|
Florida State University Seminoles batting - Pitching for University of Alabama Crimson Tide : RHP Devon Williams
|
|
Now at 1B: Onorato Zacagnini
|
|
|
Now at 3B: Mike Bidwell
|
|
|
Batting: RHB Aaron Sartini
|
0-0: Foul Ball, location: 2F 0-1: Swinging Strike 0-2: Strikes out swinging
|
|
Batting: RHB Washichi Goto
|
0-0: Swinging Strike 0-1: Ball 1-1: Ball 2-1: Ball 3-1: SOLO HOME RUN (Flyball, 7LD, EV 89.4 MPH), Distance : 340 ft
|
|
Batting: RHB Ruben Moreno
|
0-0: Called Strike 0-1: Ball 1-1: Ball 2-1: Ball 3-1: Base on Balls
|
|
Pinch Hitting: LHB John Doiron
|
0-0: Ball 1-0: Called Strike 1-1: Swinging Strike 1-2: Ball 2-2: Foul Ball, location: 2F 2-2: Strikes out swinging Ruben Moreno steals 2nd, throwing error, E2 Ruben Moreno to third
|
|
Pitching: LHP Robby Ramires
|
|
|
Batting: RHB Larry Berge
|
0-0: Called Strike 0-1: Called Strike 0-2: Reached on error, E5 (Groundball, 56S, EV 69.4 MPH) Ruben Moreno scores
|
|
Batting: SHB Jon Odle
|
0-0: Ball 1-0: Ball Larry Berge steals 2nd base (no throw) 2-0: Ground out 6-3 (Groundball, 6, EV 78.8 MPH)
|
| Top of the 9th over - 2 runs, 1 hit, 2 errors, 1 left on base; Florida State University 5 - University of Alabama 0 |
| BOTTOM OF THE 9TH |
|
University of Alabama Crimson Tide batting - Pitching for Florida State University Seminoles : RHP Gordie DiMario
|
|
Now at 1B: John Welsh
|
|
|
Pinch Hitting: LHB Dallas Shaw
|
0-0: Called Strike 0-1: Ball 1-1: Ball 2-1: Foul Ball, location: 2F 2-2: Foul Ball, location: 2F 2-2: Ground out 1-3 (Groundball, 13, EV 68.1 MPH)
|
|
Pinch Hitting: RHB Fernando Reyes
|
0-0: Ball 1-0: Called Strike 1-1: Ball 2-1: Called Strike 2-2: Ball 3-2: Strikes out swinging
|
|
Pitching: RHP Ben Mathias
|
|
|
Batting: LHB Adam Antico
|
0-0: Ball 1-0: Ball 2-0: Ground out 4-3 (Groundball, 4, EV 108.1 MPH)
|
| Bottom of the 9th over - 0 runs, 0 hits, 0 errors, 0 left on base; Florida State University 5 - University of Alabama 0 |
|